 Dungeon Crawl Stone Soup version 0.31-a0-1376-g36f0627844 (webtiles) character file.

Game seed: 11958286888440084121

141851 Amplified the Demonic Cataclysm (level 16, -33/124 HPs)
             Began as a Demonspawn Alchemist on Dec 24, 2023.
             Was a High Priest of Qazlal.
             Killed from afar by a war gargoyle (61 damage)
             ... with a spray of metal splinters
             ... in a wizard's laboratory.
             The game lasted 00:41:15 (23739 turns).

Amplified the Demonic Cataclysm (DsAl)             Turns: 23739, Time: 00:41:16

Health: -33/124    AC: 19    Str: 16 (17) XL:     16   Next: 79%
Magic:  19/29      EV: 16    Int: 18 (20) God:    Qazlal [*****.]
Gold:   1332       SH: 23    Dex: 32 (33) Spells: 16/19 levels left

rFire   + + .        j - +3 war axe (flame)
rCold   + + +        P - +0 kite shield
rNeg    + + +        k - +3 ring mail of Charity {^Drain Fly rF+ Dex+7}
rPois   +            h - +0 helmet
rElec   .            V - scarf {rC+ rF+}
rCorr   .            C - +1 pair of gloves of Experimentation {Will+ Int+3}
SInv    +            g - +3 pair of mountain boots {steadfast, rC+}
Will    ++++.        K - amulet of regeneration
Stlth   ++           S - ring of Beogh's Esteem {rPois rN+++ Will+ Dex+6 Stlth-}
HPRegen 1.20/turn    J - ring "Gem Cuu" {rC++ Will+ Str+2 SInv Stlth-}
MPRegen 0.21/turn

%: repel missiles
@: about to teleport, protected from physical damage, flying, hasted, very quick
A: thin skeletal structure 3, spiny 2, demonic magic 2, demonic touch 2,
deterioration 1, noise suppression
a: Renounce Religion, Upheaval, Elemental Force, Disaster Area


You were in a wizard's laboratory.
You worshipped Qazlal.
Qazlal was extremely pleased with you.
You visited 5 branches of the dungeon, and saw 24 of its levels.
You also visited: Sewer, Bailey and Wizlab.

You collected 2616 gold pieces.
You spent 1284 gold pieces at shops.

Inventory:

Hand Weapons
 j - a +3 war axe of flaming (weapon)
 o - the +2 Maxwell's thermic engine {flame, freeze, rev}
   (You found it in a wizard's laboratory)
 w - the +8 Vampire's Tooth {megavamp}
   (You found it on level 15 of the Dungeon)
 G - a +2 whip of electrocution
 Q - a +1 broad axe of draining
Missiles
 N - 8 throwing nets
Armour
 g - the +3 pair of mountain boots (worn) {steadfast, rC+}
   (You acquired it on level 1 of the Dungeon)

   Steadfast: It prevents involuntary movement, except for blinking,
   teleportation, or banishment.
   rC+:       It protects you from cold.
 h - a +0 helmet (worn)
 k - the +3 ring mail of Charity (worn) {^Drain Fly rF+ Dex+7}
   (You found it on level 13 of the Dungeon)

   Dex+7:     It affects your dexterity (+7).
   rF+:       It protects you from fire.
   Fly:       It grants you flight.
   ^Drain:    It drains your maximum health when unequipped.
 m - the +15 Maxwell's patent armour {-Cast -Tele rElec Will+ rCorr}
   (You found it in a wizard's laboratory)

   rElec:     It insulates you from electricity.
   Will+:     It increases your willpower.
   -Cast:     It prevents spellcasting.
   -Tele:     It prevents most forms of teleportation.
   rCorr:     It protects you from acid and corrosion.
 C - the +1 pair of gloves of Experimentation (worn) {Will+ Int+3}
   (You found it in a sewer)

   Int+3:     It affects your intelligence (+3).
   Will+:     It increases your willpower.
 P - a +0 kite shield (worn)
 V - a scarf of resistance (worn)
Jewellery
 d - the ring of Keexek {Fire rPois rCorr MP+9}
   (You found it in a wizard's laboratory)

   [ring of fire]

   Fire:      It enhances your fire magic.
   rF+:       It protects you from fire.
   rC-:       It makes you vulnerable to cold.
   rPois:     It protects you from poison MP+9: It affects your magic capacity
   (+9).
   rCorr:     It protects you from acid and corrosion.
 u - a ring of protection from cold
 H - a ring of willpower
 J - the ring "Gem Cuu" (right hand) {rC++ Will+ Str+2 SInv Stlth-}
   (You found it on level 3 of the Lair of Beasts)

   [ring of willpower]

   Str+2:     It affects your strength (+2).
   rC++:      It greatly protects you from cold.
   Will+:     It increases your willpower.
   SInv:      It lets you see invisible.
   Stlth-:    It makes you less stealthy.
 K - an amulet of regeneration (around neck)
 S - the ring of Beogh's Esteem (left hand) {rPois rN+++ Will+ Dex+6 Stlth-}
   (You bought it in a shop on level 1 of the Dungeon)

   [ring of dexterity]

   Dex+6:     It affects your dexterity (+6).
   rPois:     It protects you from poison rN+++: It renders you almost immune to
   negative energy.
   Will+:     It increases your willpower.
   Stlth-:    It makes you less stealthy.
 X - the ring of Aluas {Ice rN+ Int+2 Stlth-}
   (You found it on level 5 of the Lair of Beasts)

   [ring of ice]

   Ice:       It enhances your ice magic.
   Int+2:     It affects your intelligence (+2).
   rF-:       It makes you vulnerable to fire.
   rC+:       It protects you from cold.
   rN+:       It protects you from negative energy.
   Stlth-:    It makes you less stealthy.
Wands
 i - a wand of flame (73)
 l - a wand of paralysis (17)
 p - a wand of mindburst (16)
 x - a wand of roots (28)
 A - a wand of light (22)
 M - a wand of polymorph (8)
Scrolls
 a - 2 scrolls of blinking
 f - 4 scrolls of enchant armour
 q - 4 scrolls of fear
 r - 10 scrolls of teleportation
 s - 2 scrolls of revelation
 v - 3 scrolls of torment
 y - 2 scrolls of immolation
 D - 3 scrolls of vulnerability
 I - a scroll of noise
 L - 2 scrolls of butterflies
 O - 2 scrolls of fog
 T - 3 scrolls of amnesia
Potions
 b - 4 potions of magic
 e - a potion of ambrosia
 n - 2 potions of lignification
 t - 5 potions of brilliance
 z - 2 potions of attraction
 F - 7 potions of curing
Miscellaneous
 Y - a condenser vane


   Skills:
 * Level 10.6 Fighting
 - Level 5.3 Short Blades
 - Level 16.5(16.6) Axes
 - Level 2.3(11.0) Maces & Flails
 - Level 4.1 Armour
 - Level 6.1 Dodging
 - Level 1.7 Stealth
 - Level 15.0 Shields
 - Level 2.0 Spellcasting
 - Level 1.0 Conjurations
 - Level 3.0 Alchemy
 * Level 19.8 Invocations


You had 16 spell levels left.
You knew the following spells:

 Your Spells              Type           Power      Damage    Failure   Level
a - Sting                 Conj/Alch      36%        1d5       24%         1
b - Mercury Vapours       Alch/Air       14%        N/A       41%         2

Your spell library contained the following spells:

 Spells                   Type           Power      Damage    Failure   Level
 Apportation              Tloc           2%         N/A       50%         1
 Necrotise                Necr           4%         1d4       50%         1
 Summon Small Mammal      Summ           4%         N/A       50%         1
 Cigotuvi's Dreadful Rot  Necr/Alch/Air  10%        N/A       50%         2
 Jinxbite                 Hex            2%         N/A       63%         2
 Scorch                   Fire           2%         2d5       63%         2
 Mephitic Cloud           Conj/Alch/Air  6%         N/A       67%         3
 Olgreb's Toxic Radiance  Alch           12%        N/A       85%         4
 Call Canine Familiar     Summ           1%         N/A       86%         3
 Fugue of the Fallen      Necr           1%         N/A       86%         3
 Inner Flame              Hex/Fire       1%         N/A       86%         3
 Ozocubu's Armour         Ice            1%         N/A       86%         3
 Sigil of Binding         Hex            1%         N/A       86%         3
 Sticky Flame             Fire/Alch      7%         2d4       96%         4
 Cause Fear               Hex            0%         N/A       99%         4
 Dimensional Bullseye     Hex/Tloc       0%         N/A       99%         4
 Flame Wave               Conj/Fire      3%         2d5       99%         4
 Manifold Assault         Tloc           1%         N/A       99%         4
 Summon Ice Beast         Ice/Summ       1%         N/A       99%         4
 Fireball                 Conj/Fire      1%         3d3       100%        5
 Freezing Cloud           Conj/Ice/Air   1%         6-21      100%        5
 Yara's Violent Unravell  Hex/Alch       3%         3d4       100%        5
 Simulacrum               Ice/Necr       0%         N/A       100%        6
 Summon Cactus Giant      Summ           0%         N/A       100%        6
 Enfeeble                 Hex            0%         N/A       100%        7
 Dragon's Call            Summ           0%         N/A       100%        9


Dungeon Overview and Level Annotations

Branches:
Dungeon (15/15)            Temple (1/1) D:4            Lair (5/5) D:11
  Swamp (0/4) Lair:3        Snake (0/4) Lair:2        Slime (0/5) Lair:5
    Orc (2/2) D:11            Elf (1/3) Orc:2        Vaults (0/5) D:14
 Depths (0/4) D:15          Sewer (visited)          Bailey (visited)
 WizLab (1/1)

Altars:
Ashenzari
Cheibriados
Dithmenos
Fedhas
Gozag
Hepliaklqana
Kikubaaqudgha
Makhleb
Nemelex Xobeh
Okawaru
Qazlal
Ru
Sif Muna
Trog
Uskayaw
Vehumet
Wu Jian
Xom
Yredelemnul

Shops:
D:1 =   D:5 :   D:9 [   D:11 (   Orc:1 :   Orc:2 =!:[   Elf:1 ?([

Portals:
Hell: Lair:5

Annotations:
D:14 1 runed translucent door


Innate Abilities, Weirdness & Mutations

You have an unnaturally thin skeletal structure. (Dex +6, Stealth+++)
You are mostly covered in sharp spines.
Spells you cast may paralyse nearby enemies.
Your touch may inflict irresistible damage on your foes.
Your body sometimes deteriorates upon taking damage.
You passively dampen the noise of your surroundings.


Message History

You destroy the earth elemental!
Qazlal accepts your kill.
You block the ironbound thunderhulk's attack.
The war gargoyle barely misses you.
Unknown command.
Unknown command.
Unknown command.
Unknown command.
You closely miss the ironbound thunderhulk.
The ironbound thunderhulk is heavily wounded.
You hit the war gargoyle.
An ironbound thunderhulk comes into view.
It is wielding a +0 great mace of electrocution.
You slash the ironbound thunderhulk! You burn the ironbound thunderhulk!
The ironbound thunderhulk is severely wounded.
You hit the war gargoyle. You block the war gargoyle's attack.
Strange energies crackle from the ironbound thunderhulk's apparatus.
The ironbound thunderhulk blinks!
Unknown command.
As you read the scroll of teleportation, it crumbles to dust.
You feel strangely unstable. You block the war gargoyle's attack.
Electricity crackles from the ironbound thunderhulk's apparatus.
The bolt of lightning hits you!
Strange energies crackle from the ironbound thunderhulk's apparatus.
The ironbound thunderhulk blinks!
The war gargoyle launches metal splinters at you.
The spray of metal splinters hits you!!
Your body deteriorates!
You feel dopey.
Strange energies crackle from the ironbound thunderhulk's apparatus.
The ironbound thunderhulk blinks!
Unknown command.
There is an open gate here.
Unknown command.
The war gargoyle attacks as it pursues you!
The war gargoyle hits you with a +0 great mace!!
* * * LOW HITPOINT WARNING * * *
You feel more protected from physical attacks.
Unknown command.
The war gargoyle launches metal splinters at you.
The spray of metal splinters hits you!!!
You die...

...8#########...........#
...##########..#..#..#..#
'############..#..#..#..#
.).##########...........#
....#########...........#
.....#############'######
..##..## #.§.☼.....#
####...# #....#....#
[###...# #..@.#.○..#
..####.# #####...○...##***
...#...####...###'9'###,,8*
...#...#).#....#..§..#,,,,*
.......'.)))...#...§.#,,,,*
####..8#..#....#.O...#.,,,*
≈≈≈#)..####........°.....#*
§§≈#.).# ####...###...###
§§§#)..# #....##**#....#


You could see an ironbound thunderhulk and a war gargoyle (catching breath).

Vanquished Creatures
  Asterion (Elf:1)
  A tentacled starspawn (Lair:3)
  Frances (D:13)
  Gastronok (Lair:1)
  A frost giant (WizLab)
  A deep elf sorcerer (Elf:1)
  A fire giant (WizLab)
  Louise (D:15)
  An ironbound preserver (WizLab)
  2 war gargoyles (WizLab)
  2 vampire knights (D:15)
  A deep elf demonologist (Elf:1)
  A dire elephant (Lair:5)
  2 crystal guardians (WizLab)
  Fannar (Lair:2)
  Harold (Lair:1)
  6 peacekeepers (WizLab)
  Josephine (D:11)
  7 hydras
  5 vault guards (D:14)
  3 salamander tyrants (WizLab)
  A catoblepas (D:13)
  14 two-headed ogres
  8 ogre magi
  5 centaur warriors
  3 boulder beetles
  A death yak (Lair:4)
  5 dancing weapons (Elf:1)
  3 tengu warriors (D:14)
  A deep troll earth mage (D:15)
  An occultist (Lair:5)
  3 deep elf knights (Elf:1)
  5 skysharks
  A sixfirhy (Lair:5)
  8 skeletal warriors (D:15)
  A flayed ghost (D:15)
  A lindwurm (Lair:4)
  8 deep elf archers
  2 orc knights
  15 deep elf pyromancers
  9 deep elf zephyrmancers (Elf:1)
  10 orc sorcerers
  11 ugly things
  5 salamanders (WizLab)
  Maurice (D:7)
  5 cyclopes
  3 manticores
  4 elephants
  2 black mambas (Lair:1)
  6 kobold blastminers
  4 orange demons (Lair:5)
  Joseph (D:7)
  17 cane toads
  10 gargoyles
  An unseen horror (D:11)
  Maggie (D:7)
  A smoke demon (Lair:5)
  An unseen horror (shapeshifter) (D:13)
  10 rime drakes
  3 yaktaurs
  3 tengu conjurers (D:14)
  An ice devil (Lair:5)
  11 komodo dragons
  A red devil (Lair:5)
  8 trolls
  2 hornets
  2 polar bears (Lair:1)
  4 blink frogs
  10 dream sheep
  A tyrant leech (D:15)
  4 slime creatures (D:14)
  Sigmund (D:3)
  5 wraiths
  5 vampires
  5 basilisks
  5 wargs
  6 wyverns
  49 yaks
  A human (Lair:3)
  A fire elemental (WizLab)
  11 vampire mosquitoes
  A steam dragon (D:7)
  7 nagas (Lair:2)
  11 water moccasins
  2 acid dragons (D:11)
  3 hell hounds (Lair:5)
  An ice beast (D:6)
  A sky beast (D:7)
  18 orc warriors
  A swamp drake (shapeshifter) (D:15)
  A black bear (D:5)
  12 ogres
  11 centaurs
  3 kobold brigands
  14 bullfrogs
  4 gnoll sergeants
  6 earth elementals (WizLab)
  3 scorpions
  4 wights (D:6)
  4 killer bees (D:9)
  7 howler monkeys
  9 orc priests
  A jelly (D:8)
  2 hounds
  2 gnoll boudas
  Crazy Yiuf (D:5)
  Jessica (D:3)
  2 iguanas
  35 orc wizards
  A lightning spire (WizLab)
  13 adders
  26 gnolls
  A shadow imp (D:8)
  A white imp (D:7)
  A worm (D:2)
  5 dart slugs
  91 orcs
  18 endoplasms
  13 giant cockroaches
  6 goblins
  10 hobgoblins
  4 jackals (D:4)
  18 kobolds
  16 quokkas
  16 ball pythons
  5 bats
  10 frilled lizards
  4 rats
794 creatures vanquished.

Vanquished Creatures (others)
  A hydra (D:13)
  A deep elf knight (Elf:1)
  An orc knight (D:13)
  A manticore (D:13)
  4 orc wizards
  2 starspawn tentacles (Lair:3)
10 creatures vanquished.

Grand Total: 804 creatures vanquished

Notes
Turn   | Place    | Note
-------+----------+-------------------------------------------
     0 | D:1      | Amplified the Demonspawn Alchemist began the quest for the
                  | Orb.
     0 | D:1      | Reached XP level 1. HP: 13/13 MP: 3/3
   120 | D:1      | Reached skill level 1 in Fighting
   132 | D:1      | Gained mutation: You are partially covered in sharp spines.
                  | [demonic ancestry]
   132 | D:1      | Reached XP level 2. HP: 16/21 MP: 1/5
   141 | D:1      | Reached skill level 1 in Armour
   531 | D:1      | Found Hoesibiy's Jewellery Boutique.
   760 | D:1      | Identified a scroll of acquirement
   760 | D:1      | Acquired the +3 pair of mountain boots {steadfast, rC+}
   760 | D:1      | Found the +3 pair of mountain boots {steadfast, rC+}
   839 | D:2      | Identified the +0 leather armour of the Monkey {Int+3
                  | Slay+3}
   935 | D:2      | Reached XP level 3. HP: 27/27 MP: 6/6
  1613 | D:2      | Reached XP level 4. HP: 34/34 MP: 7/7
  1950 | D:3      | Noticed Jessica
  1954 | D:3      | Killed Jessica
  2028 | D:3      | Gained mutation: Spells you cast may paralyse adjacent
                  | enemies. [demonic ancestry]
  2028 | D:3      | Reached XP level 5. HP: 41/41 MP: 8/8
  2566 | D:3      | Noticed Sigmund
  2607 | D:3      | Killed Sigmund
  2608 | D:3      | Reached skill level 1 in Short Blades
  2608 | D:3      | Reached XP level 6. HP: 48/48 MP: 7/9
  3003 | D:4      | Found a bloodstained altar of Trog.
  3006 | D:4      | Found an opulent altar of Gozag.
  3083 | D:4      | Learned a level 2 spell: Mercury Vapours
  3362 | D:4      | Gained mutation: You are mostly covered in sharp spines.
                  | [demonic ancestry]
  3362 | D:4      | Reached XP level 7. HP: 55/55 MP: 7/10
  3412 | D:4      | Found a staircase to the Ecumenical Temple.
  3420 | Temple   | Entered the Ecumenical Temple
  3470 | Temple   | Became a worshipper of Qazlal Stormbringer
  3632 | D:5      | Entered Level 5 of the Dungeon
  3633 | D:5      | Found Noiceged's Book Emporium.
  3759 | D:5      | Reached skill level 1 in Invocations
  3851 | D:5      | Found a glowing drain.
  3872 | D:5      | Reached skill level 5 in Fighting
  3872 | D:5      | Reached skill level 2 in Invocations
  3879 | Sewer    | Entered a sewer
  4008 | Sewer    | Reached * piety under Qazlal
  4281 | Sewer    | Reached ** piety under Qazlal
  4284 | Sewer    | Reached skill level 3 in Invocations
  4293 | Sewer    | Identified the +1 pair of gloves of Experimentation {Will+
                  | Int+3}
  4374 | D:5      | Gained mutation: Spells you cast may paralyse nearby
                  | enemies. [demonic ancestry]
  4374 | D:5      | Reached XP level 8. HP: 53/63 MP: 11/11
  4920 | D:5      | Found a runed translucent door.
  4921 | D:5      | Noticed Crazy Yiuf
  4928 | D:5      | Killed Crazy Yiuf
  5119 | D:6      | Reached skill level 4 in Invocations
  5504 | D:6      | Reached skill level 5 in Invocations
  6079 | D:7      | Gained mutation: You have a somewhat thin skeletal
                  | structure. (Dex +2, Stealth+) [demonic ancestry]
  6079 | D:7      | Reached XP level 9. HP: 71/71 MP: 13/13
  6103 | D:7      | Reached skill level 6 in Invocations
  6116 | D:7      | Reached skill level 5 in Short Blades
  6263 | D:7      | Noticed a gargoyle
  6271 | D:7      | Killed a gargoyle
  6272 | D:7      | Reached skill level 5 in Dodging
  6316 | D:7      | Noticed Joseph
  6319 | D:7      | Noticed a troll
  6331 | D:7      | Killed a troll
  6332 | D:7      | Reached skill level 1 in Maces & Flails
  6332 | D:7      | Reached skill level 7 in Invocations
  6336 | D:7      | Killed Joseph
  6338 | D:7      | Noticed Maggie
  6347 | D:7      | Killed Maggie
  6645 | D:7      | Reached XP level 10. HP: 78/80 MP: 15/15
  6667 | D:7      | Noticed Maurice
  6675 | D:7      | Something stole a +6 ring of strength
  6675 | D:7      | Something stole a +2 whip of electrocution
  6677 | D:7      | Something stole 237 gold
  6690 | D:7      | Something stole 55 gold
  6691 | D:7      | Killed Maurice
  6692 | D:7      | Reached skill level 1 in Axes
  6692 | D:7      | Reached skill level 8 in Invocations
  7539 | D:8      | Noticed a two-headed ogre
  7555 | D:8      | Killed a two-headed ogre
  7556 | D:8      | Reached skill level 9 in Invocations
  8005 | D:9      | Paralysed by a hornet for 3 turns
  8009 | D:9      | Reached skill level 10 in Invocations
  8091 | D:9      | Reached *** piety under Qazlal
  8143 | D:9      | Reached skill level 11 in Invocations
  8507 | D:9      | Found Ruatam's Antique Armour Emporium.
  8566 | D:9      | Reached skill level 12 in Invocations
  8713 | D:9      | Found a burning altar of Makhleb.
  9031 | D:10     | Entered Level 10 of the Dungeon
  9048 | D:10     | Identified the +2 plate armour "Qihuudie" {rF+ Will+
                  | Stlth-}
  9069 | D:10     | Reached skill level 5 in Axes
  9170 | D:10     | Reached skill level 13 in Invocations
  9208 | D:10     | Found a flagged portal.
  9233 | Bailey   | Entered a bailey
  9261 | Bailey   | Reached **** piety under Qazlal
  9319 | Bailey   | Gained mutation: You have a moderately thin skeletal
                  | structure. (Dex +4, Stealth++) [demonic ancestry]
  9319 | Bailey   | Reached XP level 11. HP: 86/86 MP: 14/21
 10129 | D:11     | Reached skill level 1 in Shields
 10149 | D:11     | Noticed Josephine
 10164 | D:11     | Killed Josephine
 10165 | D:11     | Reached skill level 14 in Invocations
 10317 | D:11     | Found a staircase to the Orcish Mines.
 10353 | D:11     | Noticed a boulder beetle
 10374 | D:11     | Killed a boulder beetle
 10465 | D:11     | Noticed a two-headed ogre
 10469 | D:11     | Killed a two-headed ogre
 10470 | D:11     | Reached skill level 15 in Invocations
 10525 | D:11     | Found a staircase to the Lair.
 10794 | D:11     | Noticed a two-headed ogre
 10800 | D:11     | Killed a two-headed ogre
 10926 | D:11     | Found Dageh's Weapon Emporium.
 11009 | D:12     | Noticed a two-headed ogre
 11013 | D:12     | Killed a two-headed ogre
 11014 | D:12     | Reached skill level 16 in Invocations
 11404 | D:12     | Reached skill level 5 in Shields
 11635 | Lair:1   | Entered Level 1 of the Lair of Beasts
 11645 | Lair:1   | Gained mutation: You have an unnaturally thin skeletal
                  | structure. (Dex +6, Stealth+++) [demonic ancestry]
 11645 | Lair:1   | Reached XP level 12. HP: 92/92 MP: 24/24
 11727 | Lair:1   | Reached skill level 17 in Invocations
 12018 | Lair:1   | Noticed Harold
 12024 | Lair:1   | Killed Harold
 12171 | Lair:1   | Reached skill level 18 in Invocations
 12312 | Lair:1   | Noticed Gastronok
 12326 | Lair:1   | Killed Gastronok
 12747 | Lair:2   | Found a staircase to the Snake Pit.
 12763 | Lair:2   | Noticed Fannar
 12777 | Lair:2   | Killed Fannar
 12834 | Lair:2   | Noticed a five-headed hydra
 12842 | Lair:2   | Killed a one-headed hydra
 13189 | Lair:2   | Gained mutation: Your touch may inflict minor irresistible
                  | damage on your foes. [demonic ancestry]
 13189 | Lair:2   | Reached XP level 13. HP: 99/101 MP: 26/26
 13861 | D:1      | Bought the ring of Beogh's Esteem {rPois rN+++ Will+ Dex+6
                  | Stlth-} for 796 gold pieces
 14099 | Lair:3   | Found a staircase to the Swamp.
 14312 | Lair:3   | Got the Collected Works on the Sepulchral Blizzard
 14502 | Lair:3   | Reached skill level 19 in Invocations
 14948 | Lair:3   | Reached skill level 10 in Axes
 14985 | Lair:3   | Found a runed translucent door.
 14995 | Lair:3   | Noticed a tentacled starspawn
 15210 | Lair:3   | Killed a tentacled starspawn
 15213 | Lair:3   | Identified the ring "Gem Cuu" {rC++ Will+ Str+2 SInv
                  | Stlth-}
 16117 | Lair:4   | Reached ***** piety under Qazlal
 16340 | Lair:5   | Entered Level 5 of the Lair of Beasts
 16567 | Lair:5   | Gained mutation: Your touch may inflict irresistible damage
                  | on your foes. [demonic ancestry]
 16567 | Lair:5   | Reached XP level 14. HP: 107/108 MP: 27/27
 16631 | Lair:5   | Found a staircase to the Slime Pits.
 17012 | Lair:5   | Found a burning altar of Makhleb.
 17022 | Lair:5   | Found a gateway to Hell.
 17029 | Lair:5   | Identified the ring of Aluas {Ice rN+ Int+2 Stlth-}
 17509 | Orc:1    | Entered Level 1 of the Orcish Mines
 17903 | Orc:2    | Entered Level 2 of the Orcish Mines
 18129 | Orc:2    | Reached skill level 15 in Axes
 18159 | Orc:2    | Found a staircase to the Elven Halls.
 18472 | Orc:2    | Found Qyskem's Distillery.
 18490 | Orc:2    | Found Gogibir's Jewellery Emporium.
 18552 | Orc:2    | Found a radiant altar of Vehumet.
 18581 | Orc:2    | Found Zoqill's Book Shoppe.
 18607 | Orc:2    | Found an ancient bone altar of Kikubaaqudgha.
 18634 | Orc:2    | Found Qotid's Antique Armour Shoppe.
 18773 | Orc:2    | Bought a steaming leather armour for 203 gold pieces
 18773 | Orc:2    | Identified the +3 leather armour of the Unbroken {Harm
                  | Regen+ Int+4 Dex-2} (You bought it in a shop on level 2 of
                  | the Orcish Mines)
 18805 | Orc:2    | Bought a potion of curing for 36 gold pieces
 18805 | Orc:2    | Bought a potion of heal wounds for 60 gold pieces
 18805 | Orc:2    | Bought a potion of curing for 36 gold pieces
 18805 | Orc:2    | Bought a potion of invisibility for 96 gold pieces
 18888 | Orc:1    | Found Diggakum's Book Shoppe.
 19206 | D:13     | Noticed Frances
 19207 | D:13     | Identified the +3 ring mail of Charity {^Drain Fly rF+
                  | Dex+7}
 19231 | D:13     | Gained mutation: Your flesh is cold resistant. (rC+)
                  | [potion of mutation]
 19231 | D:13     | Gained mutation: Armour fits poorly on your strangely
                  | shaped body. [potion of mutation]
 19231 | D:13     | Gained mutation: Your body sometimes deteriorates upon
                  | taking damage. [potion of mutation]
 19231 | D:13     | Gained mutation: You have a beak for a mouth. [potion of
                  | mutation]
 19233 | D:13     | Killed Frances
 19239 | D:13     | Lost mutation: Armour fits poorly on your strangely shaped
                  | body. [potion of mutation]
 19239 | D:13     | Lost mutation: Your flesh is cold resistant. (rC+) [potion
                  | of mutation]
 19239 | D:13     | Lost mutation: You have a beak for a mouth. [potion of
                  | mutation]
 19239 | D:13     | Gained mutation: Potions are less effective at restoring
                  | your health. [potion of mutation]
 19240 | D:13     | Lost mutation: Your body sometimes deteriorates upon taking
                  | damage. [potion of mutation]
 19240 | D:13     | Lost mutation: Potions are less effective at restoring your
                  | health. [potion of mutation]
 19240 | D:13     | Gained mutation: Armour fits poorly on your strangely
                  | shaped body. [potion of mutation]
 19240 | D:13     | Gained mutation: You are somewhat resistant to further
                  | mutation. [potion of mutation]
 19544 | D:13     | Reached XP level 15. HP: 114/114 MP: 28/28
 19732 | D:13     | Reached ****** piety under Qazlal
 19958 | D:14     | Found a runed translucent door.
 19997 | D:14     | Noticed a storm dragon
 20060 | D:15     | Entered Level 15 of the Dungeon
 20076 | D:15     | Identified the +0 leather armour of Dishonesty {Regen+}
 20192 | D:15     | Reached skill level 10 in Shields
 20485 | D:15     | Noticed Louise
 20510 | D:15     | Killed Louise
 20606 | D:15     | Found a stormy altar of Qazlal.
 21124 | D:15     | Found a staircase to the Depths.
 21209 | D:15     | Lost mutation: Armour fits poorly on your strangely shaped
                  | body. [potion of mutation]
 21209 | D:15     | Lost mutation: You are somewhat resistant to further
                  | mutation. [potion of mutation]
 21209 | D:15     | Gained mutation: You passively dampen the noise of your
                  | surroundings. [potion of mutation]
 21209 | D:15     | Gained mutation: Your body sometimes deteriorates upon
                  | taking damage. [potion of mutation]
 21433 | D:15     | Found the +8 Vampire's Tooth {megavamp}
 22296 | D:14     | Found a gate to the Vaults.
 22306 | D:14     | Reached XP level 16. HP: 119/120 MP: 29/29
 22570 | Elf:1    | Entered Level 1 of the Elven Halls
 22643 | Elf:1    | Found Raohou's Magic Scroll Emporium.
 22727 | Elf:1    | Bought a scroll of teleportation for 57 gold pieces
 22839 | Elf:1    | Found Dopp's Armour Emporium.
 22841 | Elf:1    | Found Ygoech's Antique Weapon Shoppe.
 22862 | Elf:1    | Noticed Asterion
 22869 | Elf:1    | Killed Asterion
 22939 | Elf:1    | Reached skill level 15 in Shields
 23031 | Elf:1    | Found a magical portal.
 23034 | WizLab   | Entered Maxwell's Workshop
 23185 | WizLab   | Reached skill level 10 in Fighting
 23352 | WizLab   | Found the +15 Maxwell's patent armour {-Cast -Tele rElec
                  | Will+ rCorr}
 23352 | WizLab   | Found the +2 Maxwell's thermic engine {flame, freeze, rev}
 23384 | WizLab   | Identified the ring of Keexek {Fire rPois rCorr MP+9}
 23739 | WizLab   | Killed from afar by a war gargoyle

Illustrated notes

Levels and vault maps discovered:
D:1:      erik_arrival_cave_to_civilisation [erik_arrival_cave_to_hall],
          layout_basic, serial_shops, nicolae_shop_real_fake_doors
D:2:      layout_basic, serial_bayou_lagoon_a, minmay_misc_feat_secret_circle,
          hangedman_abyss_or_decor_stabs
D:3:      kb_forest_paths, layout_basic, uniq_jessica, uniq_sigmund
D:4:      layout_rooms, gammafunk_temple_overflow_pools,
          minmay_temple_entry_glassed_door, minmay_misc_feat_more_columns,
          nicolae_letterblocks [nicolae_letter_subblock,
          nicolae_letter_subblock, nicolae_letter_subblock,
          nicolae_letter_subblock, nicolae_letter_subblock,
          nicolae_letter_subblock, nicolae_letter_subblock,
          nicolae_letter_subblock, nicolae_letter_subblock,
          nicolae_letter_subblock, nicolae_letter_subblock,
          nicolae_letter_subblock, nicolae_letter_subblock,
          nicolae_letter_subblock, nicolae_letter_subblock,
          nicolae_letter_subblock, nicolae_letter_subblock,
          nicolae_letter_subblock, nicolae_letter_subblock,
          nicolae_letter_subblock, nicolae_letter_subblock,
          nicolae_letter_subblock, nicolae_letter_subblock,
          nicolae_letter_subblock, nicolae_letter_subblock]
D:5:      layout_basic, serial_shops, shop, gup_sewer_entry_glass,
          dk_noncrumbling_4, uniq_crazy_yiuf_cottage
D:6:      layout_basic
D:7:      layout_loops_ring, uniq_joseph, uniq_maurice, uniq_maggie
D:8:      layout_cave_pods, minmay_manual_moon
D:9:      layout_roguey, bloody_makhleb, serial_shops, shop
D:10:     layout_layer_cave, enter_bailey_2
D:11:     layout_irregular_city, david_lair_generic, david_orc_3, serial_shops,
          shop, uniq_josephine
D:12:     layout_basic
D:13:     minmay_ambush_box, layout_stronghold, uniq_frances
D:14:     layout_long_grid, grunt_vaults_entry_fortified, elyvilon_altar_1,
          kennysheep_treasure_room
D:15:     hellmonk_depths_entry_around_the_bend, layout_loops_ring,
          nicolae_qazlal_scattered_showers,
          minmay_guarded_unrand_vampires_tooth, uniq_louise
Temple:   hellmonk_temple_of_storms
Lair:1:   layout_cave_pods, chequers_serial_rivers_micro_c, uniq_harold,
          uniq_gastronok
Lair:2:   layout_cave_pods, minmay_snake_entry_guardpost_medium, uniq_fannar
Lair:3:   layout_small_grid, swamp_mist, pdpol_lair_cabin_in_the_woods
Lair:4:   layout_regular_city, mumra_transporter_accident, nzn_random_ring,
          serial_bayou_shore_b, grunt_megastairs_4
Lair:5:   evil_forest, layout_gridlike, slime_entry_1,
          infiniplex_staircase_pool_2
Orc:1:    layout_caves, basic_altar, serial_shops, nicolae_shop_tiny_glass
Orc:2:    kennysheep_orc_mage_school, layout_diamond_mine
Elf:1:    nicolae_elf_arrival_fired_up, layout_gridlike, mu_enter_wizlab_7,
          serial_shops, nicolae_lakefront_shop, shop, shop, shop_fountains,
          hangedman_elven_crosses_minicolossus, drop_trap, minmay_librarian,
          uniq_asterion
WizLab:   wizlab_maxwell

Skill      XL: |  1  2  3  4  5  6  7  8  9 10 11 12 13 14 15 16 |
---------------+-------------------------------------------------+-----
Fighting       | 1 2 3 4 5 6 7 8 9 10 | 10.6
Armour         | 1 2 3 4 |  4.1
Short Blades   | 1 2 3 4 5 |  5.3
Dodging        | 3 4 5 6 |  6.1
Invocations    | 3 5 7 13 16 18 19 | 19.8
Maces & Flails | 2 |  2.3
Axes           | 5 7 9 12 16 | 16.5
Shields        | 5 7 13 15 | 15.0
Stealth        | |  1.7
Spellcasting   | |  2.0
Conjurations   | |  1.0
Alchemy        | |  3.0

Action                     |  1- 3 |  4- 6 |  7- 9 | 10-12 | 13-15 | 16-18 || total
---------------------------+-------+-------+-------+-------+-------+-------++-------
  Melee: Dagger            |   112 |   113 |   304 |       |       |       ||   529
         Punch             |     1 |     1 |    10 |     1 |       |       ||    13
         Whip              |       |       |    17 |       |       |       ||    17
         War axe           |       |       |    14 |   415 |  1224 |   391 ||  2044
   Cast: Sting             |     9 |     7 |     1 |       |       |       ||    17
         Mercury Vapours   |       |     3 |       |       |       |       ||     3
 Invoke: Upheaval          |       |       |     4 |    20 |     8 |    18 ||    50
         Disaster Area     |       |       |       |       |     1 |     2 ||     3
  Evoke: Wand              |       |       |     1 |       |     2 |     1 ||     4
         Condenser vane    |       |       |       |       |     1 |       ||     1
    Use: Scroll            |     4 |     4 |     5 |     7 |    13 |     4 ||    37
         Potion            |       |     3 |     4 |     3 |    11 |     5 ||    26
   Stab: Sleeping          |     2 |     3 |       |       |       |       ||     5
         Paralysed         |       |     3 |       |       |       |       ||     3
         Distracted        |       |     1 |       |       |       |       ||     1
         Invisible         |       |       |       |       |     9 |     9 ||    18
         Confused          |       |       |       |       |     3 |       ||     3
 Armour: Leather armour    |    45 |    42 |   136 |   238 |   195 |       ||   656
         Ring mail         |       |       |       |       |   163 |   111 ||   274
  Dodge: Dodged            |    54 |    84 |   247 |   317 |   337 |    88 ||  1127
         Repelled          |       |       |       |       |     8 |     5 ||    13
  Block: Other             |       |       |    31 |    22 |       |       ||    53
         Kite shield       |       |       |       |   325 |  1161 |   342 ||  1828

Table legend: (Time is in decaauts)
 A = Elapsed time spent in this place.
 B = Non-inter-level travel time spent in this place.
 C = Inter-level travel time spent in this place.
 D = Time resting spent in this place.
 E = Time spent auto-exploring this place.
 F = Levels seen in this place.
 G = Mean time per level.
                   A        B        C        D        E       F      G
               +--------+--------+--------+--------+--------+-----+--------+
         Total |  23760 |  21713 |   2047 |    858 |  15225 |  27 |  880.0 |
       Dungeon |  14748 |  13289 |   1459 |    604 |   9645 |  15 |  983.2 |
        Temple |     63 |     50 |     13 |      0 |      0 |   1 |   63.0 |
          Lair |   5535 |   5205 |    330 |     75 |   4094 |   5 | 1107.0 |
  Orcish Mines |   1524 |   1280 |    244 |     22 |    899 |   2 |  762.0 |
   Elven Halls |    438 |    438 |      0 |      3 |    140 |   1 |  438.0 |
         Sewer |    507 |    507 |      0 |      0 |    272 |   1 |  507.0 |
        Bailey |    295 |    295 |      0 |      0 |    122 |   1 |  295.0 |
        Wizlab |    648 |    648 |      0 |    153 |     52 |   1 |  648.0 |
               +--------+--------+--------+--------+--------+-----+--------+

Top non-repeatable levels by time:
    D:15: 1417 daAuts
     D:3: 1301 daAuts
  Lair:3: 1236 daAuts
  Lair:4: 1117 daAuts
     D:6: 1112 daAuts
     D:7: 1109 daAuts
    D:11: 1101 daAuts
  Lair:1: 1081 daAuts
  Lair:2: 1065 daAuts
     D:2: 1056 daAuts
  Lair:5: 1034 daAuts
     D:5: 1028 daAuts
   Orc:2: 998 daAuts
    D:14: 972 daAuts
     D:8: 946 daAuts
